 Dungeon Crawl Stone Soup version 0.29.1-2-gbd0b4ee654 (webtiles) character file.

Game seed: 14049853632165791118

2 try the Grave Robber (level 1, -1/13 HPs)
             Began as a Mummy Necromancer on Nov 16, 2022.
             Slain by a kobold
             ... wielding a +0 dagger
              (3 damage)
             ... on level 1 of the Dungeon.
             The game lasted 00:04:46 (190 turns).

try the Grave Robber (Mummy Necromancer)             Turns: 190, Time: 00:04:47

Health: -1/13      AC:  2    Str: 11    XL:     1   Next: 25%
Magic:  2/4        EV: 12    Int: 14    God:
Gold:   10         SH:  0    Dex: 12    Spells: 4/5 levels left

rFire   x . .      SeeInvis .   (no weapon)
rCold   + . .      Faith    .   (no shield)
rNeg    + + +      Spirit   .   a - +0 robe
rPois   ∞          Reflect  .   (no helmet)
rElec   .          Harm     .   (no cloak)
rCorr   .          Rampage  .   (no gloves)
Will    .....                   (no boots)
Stlth   ++........              (no amulet)
HPRegen 0.04/turn               (no ring)
MPRegen 0.09/turn               (no ring)

@: no status effects
A: cold resistance 1, negative energy resistance 3, torment resistance 2, heat
vulnerability 1, no potions
a: no special abilities


You were on level 1 of the Dungeon.
You visited 1 branch of the dungeon, and saw 1 of its levels.

You collected 10 gold pieces.

Inventory:

Armour
 a - a +0 robe (worn)


   Skills:
 + Level 1.5 Dodging
 + Level 1.5 Stealth
 + Level 2.7 Spellcasting
 + Level 4.0 Necromancy


You had 4 spell levels left.
You knew the following spells:

 Your Spells              Type           Power      Damage    Failure   Level
a - Necrotise             Necr           52%        1d6       4%          1

Your spell library contained the following spells:

 Spells                   Type           Power      Damage    Failure   Level
 Vampiric Draining        Necr           13%        2d6       12%         3
 Animate Dead             Necr           13%        N/A       38%         4
 Agony                    Necr           13%        N/A       75%         5


Dungeon Overview and Level Annotations

Branches:
Dungeon (1/15)

Altars:


Innate Abilities, Weirdness & Mutations

You are immune to poison.
Your flesh is cold resistant. (rC+)
You are immune to negative energy. (rN+++)
You are immune to unholy pain and torment.
You are vulnerable to heat. (rF-)
You do not drink.


Message History

Press: ? - help, Dir - move target, p - goblin You can't see that place. [a rock wall.]
You can't see that place.
Okay, then.
The goblin barely misses you.
The kobold completely misses your bat skeleton.
The goblin attacks as you move away! The goblin completely misses you.
The goblin attacks as you move away! The goblin hits you with a +0 club.
The goblin attacks as you move away! The goblin hits you with a +0 club.
The goblin attacks as you move away! The goblin closely misses you.
The goblin attacks as you move away! The goblin closely misses you.
The goblin attacks as you move away! The goblin hits you with a +0 club.
* * * LOW HITPOINT WARNING * * *
The kobold throws a stone.
The stone barely misses your bat skeleton.
The stone barely misses the goblin.
The stone closely misses you.
There are no items here.
The kobold throws a stone.
The stone hits you but does no damage.
There are no items here.
You can't drink.
Unknown command.
Unknown command.
Press: ? - help, v - describe, . - travel
Here: a goblin, wielding a +0 club (heavily wounded)
The floor.
There are monsters nearby!
You completely miss the goblin.
The goblin is heavily wounded.
The goblin barely misses you.
Okay, then.
You hit the goblin.
You kill the goblin!
The kobold throws a stone.
The stone hits you.
* * * LOW HITPOINT WARNING * * *
Things that are here:
a +0 club; a goblin corpse Your bat skeleton crumbles into dust!
The kobold hits you with a +0 dagger.
You die...

## ##.########'###### ..
#.....# #.# # #.##..##.#..#.#
. #.#...........#.# #### ..#
#.####.#..#.#.#.# #..
....#......#..# #.# #.#####
♣...#..##########.######......
♣.♣....#..................###.
♣.....#....)@K...#######.# #.
♣♣♣....########### #.# #. ♣♣♣
♣♣.....# #.# #. ..♣♣♣
♣♣.....### ..# #.
♣...♣♣~♣♣♣.....## ### #.
♣♣♣..≈~≈♣♣♣♣♣♣..## ..
♣♣♣≈~~♣♣♣ ♣♣♣.## ## ♣≈≈≈~♣♣
♣♣..# ≈≈≈...♣♣♣♣♣ ♣..##


You could see a kobold.

Vanquished Creatures
  A goblin (D:1)
  A bat (D:1)
2 creatures vanquished.

Vanquished Creatures (others)
  2 plants (D:1)
2 creatures vanquished.

Grand Total: 4 creatures vanquished

Notes
Turn   | Place    | Note
-------+----------+-------------------------------------------
     0 | D:1      | try the Mummy Necromancer began the quest for the Orb.
     0 | D:1      | Reached XP level 1. HP: 13/13 MP: 4/4
   190 | D:1      | Slain by a kobold

Illustrated notes

Levels and vault maps discovered:
D:1:      kilobyte_arrival_exit_the_forest, layout_basic,
          hellmonk_ecumenical_altar_arch_garden

Action                   || total
-------------------------++-------
Melee: Unarmed           ||    12
 Cast: Necrotise         ||     3
Armor: Robe              ||     2
Dodge: Dodged            ||    10
